 Dungeon Crawl Stone Soup version 0.18.1-48-g4cf74bf (webtiles) character file.

419 Gargoyl the Skirmisher (level 6, -3/73 HPs)
             Began as a Demonspawn Abyssal Knight on Sept 1, 2016.
             Was a Believer of Lugonu.
             Killed from afar by an orc wizard (7 damage)
             ... with a puff of flame
             ... on level 5 of the Dungeon.
             The game lasted 00:09:32 (4216 turns).

Gargoyl the Skirmisher (Demonspawn Abyssal Knight)  Turns: 4216, Time: 00:09:34

Health: -3/73      AC: 23    Str: 13 (14) XL:     6   Next: 62%
Magic:  8/8        EV:  2    Int: 14      God:    Lugonu [**....]
Gold:   145        SH:  0    Dex: 11 (12) Spells: 0 memorised, 5 levels left

rFire  . . .     SeeInvis .     u - +0 war axe
rCold  . . .     Gourm    .     (armour currently unavailable)
rNeg   + + +     Faith    .     (no shield)
rPois  +         Spirit   .     (helmet currently unavailable)
rElec  .         Dismiss  .     (cloak currently unavailable)
rCorr  .         Reflect  .     (gloves currently unavailable)
SustAt .         Harm     .     (boots currently unavailable)
MR     .....     NoTele   +     (no amulet)
Stlth  +.........               (no ring)
                                (no ring)

@: tree-form, not resistant to hostile enchantments, very unstealthy
A: (antennae 0), (claws 0), (hooves 0)
a: Depart the Abyss, Bend Space, Renounce Religion


You were on level 5 of the Dungeon.
You worshipped Lugonu.
Lugonu was pleased with you.
You were hungry.
You were a tree.
You visited 1 branch of the dungeon, and saw 5 of its levels.
You visited the Abyss 1 time.

You collected 145 gold pieces.

Inventory:

Hand Weapons
 u - a +0 war axe (weapon)
Armour
 d - a +2 cloak (melded)
 g - a +0 scale mail (melded)
Scrolls
 e - 3 scrolls of amnesia {unknown}
 h - 7 scrolls of identify {unknown}
 j - a scroll of fear {unknown}
 k - a scroll of random uselessness {unknown}
 l - a scroll of teleportation {unknown}
 n - 6 scrolls of immolation {unknown}
 q - 2 scrolls of blinking {unknown}
 r - a scroll of magic mapping {unknown}
 t - 2 scrolls of remove curse {unknown}
 w - a scroll of enchant armour {unknown}
Potions
 m - a potion of degeneration
 o - a potion of resistance {unknown}
 p - a potion of lignification
 v - a potion of cure mutation
Comestibles
 c - a bread ration
 f - 3 meat rations
 i - 7 fruits
 s - a royal jelly


   Skills:
 + Level 4.4 Fighting
 + Level 3.3 Axes
 * Level 4.0 Armour
 + Level 2.5 Dodging
 + Level 3.0 Invocations


You had 5 spell levels left.
You didn't know any spells.

Dungeon Overview and Level Annotations

Branches:
Dungeon (5/15)
 Temple: D:4-7

Altars:
Sif Muna
Trog

Annotations:
D:5 Blork the orc


Innate Abilities, Weirdness & Mutations

((You have a pair of small antennae on your head.))
((You have very sharp fingernails.))
((You have large cloven feet.))


Message History

You hit the orc wizard but do no damage.
The orc wizard is severely wounded.
Something hits you but does no damage. The orc wizard hits you with a war axe.
Unknown command.
Drink which item? (? for menu, Esc to quit)
It was a potion of cancellation.
You feel magically purged. Something hits you!
* * * LOW HITPOINT WARNING * * *
The orc wizard barely misses you.
You hear some strange, mumbled words.
A magic dart appears from out of thin air!
The magic dart hits you!
* * * LOW HITPOINT WARNING * * *
Drink which item? (? for menu, Esc to quit)
It was a potion of lignification.
You turn into a tree.
Your +2 cloak melds into your body.
Your +0 scale mail melds into your body.
Your roots penetrate the ground.
Something hits you but does no damage.
The orc wizard points at you and mumbles some strange words.
The puff of flame hits you!
You die...

## ##
.#.
#o#
#♣#
#{#
#o#
#.#
...
##.##
#.#
#.#
#.#


You could see an orc wizard and an orc.

Vanquished Creatures
  Sigmund (D:2)
  The ghost of GFox the Chopper, an amateur TeBe of Trog (D:3)
  A hound (D:4)
  2 worker ants
  4 adders
  An ooze (D:1)
  3 worms
  2 dart slugs (D:3)
  A giant gecko (D:1)
  2 orcs (D:5)
  2 ball pythons (D:3)
  7 bats
  2 giant cockroaches
  12 goblins
  2 hobgoblins
  10 kobolds
  A quokka (D:3)
  A giant newt (D:1)
  8 rats
63 creatures vanquished.

Notes
Turn   | Place    | Note
--------------------------------------------------------------
     0 | Abyss:1  | Gargoyl the Demonspawn Abyssal Knight began the quest for the Orb.
     0 | Abyss:1  | Reached XP level 1. HP: 18/18 MP: 2/2
    73 | Abyss:1  | Noticed an angel
    73 | D:1      | Escaped the Abyss
   186 | D:1      | Reached * piety under Lugonu
   186 | D:1      | Reached skill level 1 in Dodging
   297 | D:1      | Gained mutation: You have sharp fingernails. [demonic ancestry]
   297 | D:1      | Reached XP level 2. HP: 24/24 MP: 3/3
   805 | D:1      | Gained mutation: You have very sharp fingernails. [demonic ancestry]
   805 | D:1      | Reached XP level 3. HP: 29/29 MP: 5/5
  1141 | D:2      | Noticed Sigmund
  1161 | D:2      | Killed Sigmund
  1161 | D:2      | Gained mutation: You have a pair of small antennae on your head. [demonic ancestry]
  1161 | D:2      | Reached XP level 4. HP: 20/37 MP: 6/6
  1161 | D:2      | Gained mutation: You have large cloven feet. [demonic ancestry]
  1161 | D:2      | Reached XP level 5. HP: 23/42 MP: 7/7
  1416 | D:2      | Found a bloodstained altar of Trog.
  1996 | D:2      | Reached ** piety under Lugonu
  2237 | D:2      | Found a deep blue altar of Sif Muna.
  2640 | D:3      | Noticed GFox's ghost (amateur TeBe)
  3012 | D:3      | Killed GFox's ghost
  3012 | D:3      | Reached XP level 6. HP: 27/48 MP: 8/8
  3755 | D:4      | HP: 2/49 [worker ant (5)]
  4109 | D:4      | Noticed Blork the orc
  4147 | D:5      | Entered Level 5 of the Dungeon
  4216 | D:5      | Killed from afar by an orc wizard

Skill      XL: |  1  2  3  4  5  6 |
---------------+-------------------+-----
Armour         | 2 3 4 |  4.0
Axes           | 2 3 |  3.3
Dodging        | 1 2 |  2.5
Fighting       | 4 |  4.4
Invocations    | 3 |  3.0

Action                   |  1- 3 |  4- 6 || total
-------------------------+-------+-------++-------
Melee: Hand axe          |    65 |   205 ||   270
       Kick              |       |    53 ||    53
       War axe           |       |     6 ||     6
Invok: Depart the Abyss  |     1 |       ||     1
  Use: Potion            |     4 |     5 ||     9
  Eat: Chunk             |     1 |     5 ||     6
       Bread ration      |       |     1 ||     1
Armor: Leather armour    |    12 |       ||    12
       Ring mail         |    14 |    95 ||   109
       Scale mail        |       |    18 ||    18
       Skin              |       |     1 ||     1
Dodge: Dodged            |    50 |   160 ||   210
